 Dungeon Crawl Stone Soup version 0.30-a0-672-gc3a7216ad8 (webtiles) character file.

Game seed: 7353723792332610151

42131 Absynth the Marksspriggan (level 13, -6/68 HPs)
             Began as a Spriggan Hunter on Jan 18, 2023.
             Was a High Priest of Okawaru.
             Mangled by an orc warrior
             ... wielding a +0 glaive
              (11 damage)
             ... on level 2 of the Orcish Mines on Jan 19, 2023.
             The game lasted 01:13:18 (16669 turns).

Absynth the Marksspriggan (Spriggan Hunter)        Turns: 16669, Time: 01:13:19

Health: -6/68      AC:  7    Str:  2    XL:     13   Next: 83%
Magic:  22/22      EV: 31    Int: 25    God:    Okawaru [*****.]
Gold:   1198       SH:  0    Dex: 31    Spells: 23/23 levels left

rFire   . . .      SeeInvis +    b - +7 shortbow (freeze)
rCold   . . .      Faith    .    (shield currently unavailable)
rNeg    . . .      Spirit   .    H - +2 troll leather armour "Toureon" {Regen+ Str-5 Int+5 Dex+5}
rPois   .          Reflect  .    n - +1 hat {Int+3}
rElec   .          Harm     .    s - +1 cloak
rCorr   +          Rampage  .    (gloves unavailable)
Will    ++...                    (boots unavailable)
Stlth   ++++                     (no amulet)
HPRegen 1.11/turn                l - ring of resist corrosion
MPRegen 0.18/turn                x - ring "Ateidito" {rCorr Int+6 Dex+5 Stlth-}

@: very quick
A: very small, no large weapons, unfitting armour, see invisible, speed 3,
deformed body, dopey 1
a: Renounce Religion, Heroism, Finesse, Duel


You were on level 2 of the Orcish Mines.
You worshipped Okawaru.
Okawaru was extremely pleased with you.
You visited 4 branches of the dungeon, and saw 18 of its levels.
You also visited: Sewer, Ossuary and Gauntlet.

You collected 1714 gold pieces.
You spent 516 gold pieces at shops.

Inventory:

Hand Weapons
 a - a +1 arbalest of flaming
 b - a +7 shortbow of freezing (weapon)
 D - the +6 short sword of Moral Flaws {elec, Dex+2}
   (You found it on level 8 of the Dungeon)

   Dex:       It affects your dexterity (+2).
Armour
 c - the +1 robe of Vines {NoPotionHeal Regen++++}
   (You found it in a Gauntlet)

   NoPotionHeal: Its wearer cannot be healed by potions.
   Regen:     It increases your rate of health regeneration.
 n - a +1 hat of intelligence (worn)
 s - a +1 cloak (worn)
 H - the +2 troll leather armour "Toureon" (worn) {Regen+ Str-5 Int+5 Dex+5}
   (Okawaru gifted it to you on level 1 of the Orcish Mines)

   Str:       It affects your strength (-5).
   Int:       It affects your intelligence (+5).
   Dex:       It affects your dexterity (+5).
   Regen:     It increases your rate of health regeneration.
Jewellery
 f - a ring of fire
 l - a ring of resist corrosion (left hand)
 p - a ring of ice
 x - the ring "Ateidito" (right hand) {rCorr Int+6 Dex+5 Stlth-}
   (You acquired it on level 2 of the Lair of Beasts)

   [ring of intelligence]

   Int:       It affects your intelligence (+6).
   Dex:       It affects your dexterity (+5).
   rCorr:     It protects you from acid and corrosion.
   Stlth:     It makes you less stealthy.
Wands
 h - a wand of polymorph (3)
 t - a wand of paralysis (12)
 A - a wand of iceblast (7)
 C - a wand of flame (7)
 G - a wand of mindburst (8)
Scrolls
 e - 2 scrolls of fear
 j - 3 scrolls of amnesia
 k - 4 scrolls of enchant armour
 q - 6 scrolls of teleportation
 y - a scroll of fog
 E - 2 scrolls of blinking
 F - a scroll of identify
Potions
 d - 2 potions of haste
 g - a potion of resistance {unknown}
 i - 6 potions of magic
 m - 4 potions of brilliance
 o - 3 potions of ambrosia
 u - 2 potions of heal wounds
 v - 2 potions of invisibility {unknown}
 w - 3 potions of might
 z - 5 potions of curing
 B - 6 potions of flight
Miscellaneous
 r - a lightning rod (4/4)


   Skills:
 + Level 8.2 Fighting
 * Level 16.2 Ranged Weapons
 + Level 14.7 Dodging
 - Level 10.0 Stealth
 - Level 5.7 Spellcasting
 - Level 7.0 Invocations
 - Level 5.0 Evocations


You had 23 spell levels left.
You didn't know any spells.
Your spell library contained the following spells:

 Spells                   Type           Power      Damage    Failure   Level
 Scorch                   Fire           14%        2d6       26%         2
 Sublimation of Blood     Necr           7%         N/A       26%         2
 Wereblood                Tmut           7%         N/A       26%         2
 Hailstorm                Conj/Ice       7%         3d4       45%         3
 Ozocubu's Armour         Ice            7%         N/A       45%         3
 Flame Wave               Conj/Fire      7%         2d5       86%         4
 Ice Form                 Ice/Tmut       7%         N/A       86%         4
 Metabolic Englaciation   Hex/Ice        3%         N/A       99%         5
 Ignition                 Fire           3%         3d4       100%        8
 Simulacrum               Ice/Necr       Unusable   N/A       N/A         6
 Summon Cactus Giant      Summ           Unusable   N/A       N/A         6
 Summon Hydra             Summ           Unusable   N/A       N/A         7

Dungeon Overview and Level Annotations

Branches:
Dungeon (13/15)            Temple (1/1) D:5            Lair (2/5) D:10
  Swamp (0/4) Lair:2        Snake (0/4) Lair:2          Orc (2/2) D:9
  Sewer (visited)         Ossuary (visited)         Gauntlet (visited)
    Elf: Orc:2       Vaults: D:13-14

Altars:
Ashenzari
Cheibriados
Dithmenos
Elyvilon
Fedhas
Gozag
Hepliaklqana
Kikubaaqudgha
Makhleb
Nemelex Xobeh
Okawaru
Qazlal
Ru
Sif Muna
Trog
Uskayaw
Vehumet
Wu Jian
Xom
Yredelemnul
Zin
The Shining One

Shops:
D:1 :   D:2 (:[?   D:8 !   D:12 (

Annotations:
D:13 exclusions: boulder beetle and tengu warrior, Frances


Innate Abilities, Weirdness & Mutations

You are very small and have problems with some larger weapons.
You are too small for most types of armour.
You have supernaturally acute eyesight. (SInv)
You cover ground extremely quickly. (Speed+++)
Armour fits poorly on your strangely shaped body.
You are dopey. (Int -2)


Message History

The orc knight closely misses you. The orc warrior completely misses you.
You shoot an arrow. The arrow barely misses the orc knight.
The orc knight closely misses you.
The orc warrior hits you from afar with a +0 glaive.
You shoot an arrow.
The arrow closely misses the orc knight.
The orc knight hits you from afar with a +1 bardiche of freezing!
The orc knight freezes you. The orc warrior completely misses you.
You shoot an arrow. The arrow hits the orc knight.
The arrow freezes the orc knight.
The orc knight is heavily wounded.
You shoot an arrow.
The arrow completely misses the orc knight.
The orc knight barely misses you. The orc warrior completely misses you.
You shoot an arrow. The arrow hits the orc knight.
The arrow freezes the orc knight.
The orc knight is severely wounded.
The orc knight completely misses you.
The orc warrior hits you from afar with a +0 glaive.
You shoot an arrow. The arrow hits the orc knight.
The arrow freezes the orc knight.
The orc knight is severely wounded.
The orc knight completely misses you. The orc warrior completely misses you.
You shoot an arrow.
The arrow hits the orc warrior but does no damage.
The orc warrior completely misses you. The orc knight completely misses you.
The orc warrior completely misses you.
You shoot an arrow. The arrow hits the orc warrior.
The arrow freezes the orc warrior.
The orc warrior is lightly wounded.
The orc knight roars a battlecry!
The orc warriors go into a battle-frenzy!
The orc warrior hits you from afar with a +0 glaive!!
* * * LOW HITPOINT WARNING * * *
The orc knight hits you from afar with a +1 bardiche of freezing!
* * * LOW HITPOINT WARNING * * *
The orc knight freezes you.
* * * LOW HITPOINT WARNING * * *
The orc warrior hits you from afar with a +0 glaive!
You die...

### #.##
##..#
#...##
#....# #@[#
....8.[o..#
....oo[o.##
........##
.........
....8...#
..#######
..


You could see an orc knight and 3 orc warriors.

Vanquished Creatures
  An orc warlord (Orc:1)
  A minotaur (Gauntlet)
  Josephine (D:12)
  A hydra (Lair:1)
  A boulder beetle (D:12)
  3 two-headed ogres
  A hell hog (Gauntlet)
  7 death yaks
  A death scarab (Gauntlet)
  An orc high priest (Orc:1)
  An obsidian statue (Gauntlet)
  5 orc knights (Orc:1)
  A necromancer (Gauntlet)
  4 orc sorcerers
  3 manticores
  3 cyclopes
  2 black mambas (Lair:2)
  5 cane toads
  An unseen horror (D:12)
  4 komodo dragons
  4 trolls
  Grinder (D:6)
  A spectral dream sheep (Gauntlet)
  4 shadows
  6 wraiths
  37 yaks
  9 slime creatures (D:12)
  2 basilisks
  4 fire bats (Gauntlet)
  4 vampire mosquitoes
  9 water moccasins
  An acid dragon (D:9)
  6 wargs
  A hell hound (Gauntlet)
  24 orc warriors
  3 sky beasts (D:7)
  An ice beast (D:5)
  4 black bears
  8 ogres
  3 centaurs
  A phantom (D:5)
  8 kobold brigands
  Blork the orc (D:4)
  3 bullfrogs
  2 necrophages
  A gnoll sergeant (D:10)
  4 scorpions
  15 wights
  15 killer bees
  4 howler monkeys
  An electric eel (D:10)
  2 jellies (D:6)
  Crazy Yiuf (D:3)
  2 gnoll boudas
  14 orc priests
  5 hounds
  Jessica (D:3)
  3 iguanas
  Ijyb (D:2)
  20 orc wizards
  2 hell rats (D:10)
  9 mummies
  14 gnolls
  8 adders
  3 river rats (D:10)
  A shadow imp (D:6)
  An ufetubus (D:5)
  3 worms
  A dart slug (D:5)
  45 orcs
  12 ball pythons
  5 bats
  4 endoplasms
  6 giant cockroaches
  A gnoll zombie (Ossuary)
  7 goblins
  7 hobgoblins
  7 jackals
  31 kobolds
  4 quokkas
  2 frilled lizards (D:1)
  4 hobgoblin zombies (Ossuary)
  A kobold zombie (Ossuary)
  2 orc zombies (Ossuary)
  10 rats
473 creatures vanquished.

Vanquished Creatures (others)
  An orc wizard (Orc:2)
  A demonic plant (Gauntlet)
  11 fungi
  36 plants
49 creatures vanquished.

Grand Total: 522 creatures vanquished

Notes
Turn   | Place    | Note
-------+----------+-------------------------------------------
     0 | D:1      | Absynth the Spriggan Hunter began the quest for the Orb.
     0 | D:1      | Reached XP level 1. HP: 10/10 MP: 2/2
   105 | D:1      | Found Sif Mea's Book Emporium.
   336 | D:1      | Reached XP level 2. HP: 12/14 MP: 2/4
   536 | D:1      | Reached skill level 1 in Spellcasting
   665 | D:2      | Found Eniag's Magic Scroll Emporium.
   678 | D:2      | Bought a scroll of enchant armour for 90 gold pieces
   678 | D:2      | Bought a scroll of identify for 24 gold pieces
   704 | D:2      | Reached XP level 3. HP: 18/18 MP: 5/5
   853 | D:2      | Noticed Ijyb
   854 | D:2      | Paralysed by Ijyb for 3 turns
   866 | D:2      | Paralysed by Ijyb for 5 turns
   892 | D:2      | Found Qoshro's Book Shop.
   911 | D:2      | Found Xirul's Antique Armour Shoppe.
   972 | D:2      | Bought a scroll of enchant weapon for 90 gold pieces
  1077 | D:2      | Found Casaepha's Antique Weapon Shop.
  1080 | D:2      | Got the Vellum of Calorific Cold
  1305 | D:3      | Reached XP level 4. HP: 22/22 MP: 7/7
  1556 | D:3      | Noticed Jessica
  1582 | D:3      | Killed Jessica
  1583 | D:3      | Reached skill level 5 in Ranged Weapons
  1583 | D:3      | Reached XP level 5. HP: 25/25 MP: 9/9
  1763 | D:2      | Bought a glowing shortbow for 168 gold pieces
  1788 | D:3      | Found a glowing silver altar of Zin.
  1993 | D:3      | Found a runed translucent door.
  1994 | D:3      | Noticed Crazy Yiuf
  2004 | D:3      | Killed Crazy Yiuf
  2082 | D:2      | Paralysed by Ijyb for 2 turns
  2099 | D:2      | Paralysed by Ijyb for 5 turns
  2105 | D:2      | Killed Ijyb
  2194 | D:4      | Found a glowing drain.
  2229 | D:4      | Noticed Blork the orc
  2242 | D:4      | Reached XP level 6. HP: 30/30 MP: 11/11
  2257 | D:4      | Killed Blork the orc
  2311 | Sewer    | Entered a sewer
  2412 | Sewer    | Reached skill level 6 in Ranged Weapons
  2412 | Sewer    | Reached skill level 5 in Stealth
  2427 | Sewer    | Reached skill level 5 in Dodging
  2427 | Sewer    | Reached XP level 7. HP: 24/33 MP: 13/13
  3299 | D:5      | Entered Level 5 of the Dungeon
  3362 | D:5      | Reached skill level 7 in Ranged Weapons
  3470 | D:5      | Reached XP level 8. HP: 37/37 MP: 15/15
  3889 | D:5      | Found a staircase to the Ecumenical Temple.
  3938 | Temple   | Entered the Ecumenical Temple
  4060 | D:5      | Reached skill level 5 in Spellcasting
  4199 | D:5      | Reached skill level 8 in Ranged Weapons
  4461 | D:6      | Found a stormy altar of Qazlal.
  4537 | D:6      | Reached XP level 9. HP: 36/41 MP: 17/17
  4592 | D:6      | Found an ancient bone altar of Kikubaaqudgha.
  4611 | D:6      | Reached skill level 9 in Ranged Weapons
  4613 | D:6      | Found a bloodstained altar of Trog.
  4661 | D:6      | Found a broken altar of Ashenzari.
  4662 | D:6      | Found an iron altar of Okawaru.
  4675 | D:6      | Became a worshipper of Warmaster Okawaru
  4884 | D:6      | Noticed Grinder
  4893 | D:6      | Killed Grinder
  5025 | D:7      | Reached * piety under Okawaru
  5113 | D:7      | Reached skill level 1 in Invocations
  5114 | D:7      | Reached skill level 10 in Ranged Weapons
  5118 | D:7      | Reached skill level 10 in Stealth
  5155 | D:7      | Found a sand-covered staircase.
  5164 | Ossuary  | Entered an ossuary
  5789 | D:8      | Reached ** piety under Okawaru
  5950 | D:8      | Reached XP level 10. HP: 45/47 MP: 18/18
  5966 | D:8      | Found Xiopek's Distillery.
  5980 | D:8      | Bought a potion of degeneration for 16 gold pieces
  5980 | D:8      | Bought a potion of mutation for 128 gold pieces
  6071 | D:8      | Identified the +6 short sword of Moral Flaws {elec, Dex+2}
  6300 | D:8      | Found a sparkling altar of Nemelex Xobeh.
  6574 | D:8      | Reached *** piety under Okawaru
  6575 | D:8      | Reached skill level 11 in Ranged Weapons
  6883 | D:9      | Reached skill level 10 in Dodging
  7116 | D:9      | Reached **** piety under Okawaru
  7198 | D:9      | Found a staircase to the Orcish Mines.
  7279 | D:9      | Found a sacrificial altar of Ru.
  7343 | D:9      | Noticed a two-headed ogre
  7370 | D:9      | Killed a two-headed ogre
  7408 | D:9      | Reached XP level 11. HP: 48/53 MP: 19/19
  7592 | D:10     | Entered Level 10 of the Dungeon
  7641 | D:10     | Reached skill level 12 in Ranged Weapons
  7687 | D:10     | Reached ***** piety under Okawaru
  7722 | D:10     | Reached skill level 5 in Invocations
  7841 | D:10     | Noticed a death yak
  8315 | D:10     | Noticed a death yak
  8374 | D:10     | Noticed a death yak
  8398 | D:10     | Killed a death yak
  8484 | D:10     | Killed a death yak
  8517 | D:10     | Killed a death yak
  8517 | D:10     | Received a gift from Okawaru
  8518 | D:10     | Reached skill level 5 in Fighting
  8750 | D:10     | Found a staircase to the Lair.
  9162 | D:11     | Noticed a two-headed ogre
  9166 | D:11     | Killed a two-headed ogre
  9166 | D:11     | Received a gift from Okawaru
  9167 | D:11     | Reached skill level 13 in Ranged Weapons
  9606 | D:11     | Noticed a two-headed ogre
  9620 | D:11     | Killed a two-headed ogre
 10231 | D:12     | Noticed a boulder beetle
 10379 | D:12     | Found Ryqaon's Antique Weapon Shoppe.
 10543 | D:12     | Reached XP level 12. HP: 54/60 MP: 20/20
 11339 | D:13     | Noticed a tengu warrior
 11349 | D:13     | Noticed a boulder beetle
 11388 | D:13     | Noticed Frances
 11461 | D:13     | Noticed a centaur warrior
 11475 | D:12     | Noticed Josephine
 11487 | D:12     | Killed Josephine
 11507 | D:12     | Killed a boulder beetle
 11508 | D:12     | Reached skill level 14 in Ranged Weapons
 11560 | Lair:1   | Entered Level 1 of the Lair of Beasts
 11693 | Lair:1   | Identified the +2 broad axe "Ciunk" {pain, rC+ Str+3}
                  | (Okawaru gifted it to you on level 1 of the Lair of Beasts)
 11693 | Lair:1   | Received a gift from Okawaru
 12213 | Lair:1   | Noticed a five-headed hydra
 12222 | Lair:1   | Killed a five-headed hydra
 13162 | Lair:2   | Found a staircase to the Snake Pit.
 13167 | Lair:2   | Found a gate leading to a gauntlet.
 13192 | Lair:2   | Identified 2 scrolls of acquirement
 13192 | Lair:2   | Acquired the ring "Ateidito" {rCorr Int+6 Dex+5 Stlth-}
 13208 | Lair:2   | Noticed a boulder beetle
 13415 | Lair:2   | Reached skill level 1 in Evocations
 13559 | Gauntlet | Entered a Gauntlet
 13559 | Gauntlet | Noticed a death scarab
 13559 | Gauntlet | Found a transporter.
 13567 | Gauntlet | Found a transporter.
 13569 | Gauntlet | Found a transporter.
 13570 | Gauntlet | Found a transporter.
 13581 | Gauntlet | Found a transporter.
 13581 | Gauntlet | Found a transporter.
 13582 | Gauntlet | Found a transporter.
 13593 | Gauntlet | Found a transporter.
 13594 | Gauntlet | Found a transporter.
 13598 | Gauntlet | Found a transporter.
 13598 | Gauntlet | Noticed a death yak
 13599 | Gauntlet | Noticed a death yak
 13603 | Gauntlet | Noticed a death yak
 13604 | Gauntlet | Noticed a death yak
 13605 | Gauntlet | Found a transporter.
 13606 | Gauntlet | Found a transporter.
 13607 | Gauntlet | Found a transporter.
 13612 | Gauntlet | Noticed a hell hog
 13614 | Gauntlet | Found a transporter.
 13715 | Gauntlet | Killed a death scarab
 13743 | Gauntlet | Reached XP level 13. HP: 67/67 MP: 22/22
 13757 | Gauntlet | Gained mutation: You are dopey. (Int -2) [a neqoxec]
 13759 | Gauntlet | Gained mutation: Armour fits poorly on your strangely
                  | shaped body. [a neqoxec]
 13793 | Gauntlet | Identified the +2 pair of gloves of Dishonesty {Int+3
                  | Stlth+}
 13804 | Gauntlet | Reached skill level 15 in Ranged Weapons
 13806 | Gauntlet | Identified the +1 pair of gloves of Didolauh {rElec Str+2
                  | Int+7}
 13825 | Gauntlet | Received a gift from Okawaru
 14149 | Gauntlet | Noticed a minotaur
 14179 | Gauntlet | Killed a minotaur
 14182 | Gauntlet | Found the +1 robe of Vines {NoPotionHeal Regen++++}
 14209 | Gauntlet | Got the Papyrus of the Wendigo
 14227 | Lair:2   | Found a staircase to the Swamp.
 15353 | Orc:1    | Entered Level 1 of the Orcish Mines
 15943 | Orc:1    | Acquired a +1 arbalest of flaming
 15967 | Orc:2    | Entered Level 2 of the Orcish Mines
 15976 | Orc:1    | Reached skill level 5 in Evocations
 16091 | Orc:2    | Noticed an orc warlord
 16201 | Orc:2    | Noticed an orc warlord
 16244 | Orc:1    | Reached skill level 16 in Ranged Weapons
 16304 | Orc:1    | Identified the +2 troll leather armour "Toureon" {Regen+
                  | Str-5 Int+5 Dex+5} (Okawaru gifted it to you on level 1 of
                  | the Orcish Mines)
 16304 | Orc:1    | Received a gift from Okawaru
 16394 | Orc:1    | Killed an orc warlord
 16669 | Orc:2    | Mangled by an orc warrior

Illustrated notes

Levels and vault maps discovered:
D:1:      evilmike_arrival_fibonacci_small, layout_basic, serial_shops,
          shop_statue
D:2:      kennysheep_the_goblin_king, layout_basic, serial_shops, shop, shop,
          nicolae_shop_window_shopping, shop_coins, minmay_misc_feat_roman
D:3:      wad_pebble_path, layout_basic, nicolae_overflow_hidden_temple,
          uniq_crazy_yiuf_cottage, uniq_jessica
D:4:      layout_basic, gup_sewer_entry_glass, minmay_misc_feat_plants,
          uniq_blork_the_orc
D:5:      layout_loops_ring, minmay_temple_entry_fiery,
          corexii_item_surrounded_by_moat, chequers_big_river
D:6:      layout_cave_pools, nicolae_qazlal_general_emergency,
          gammafunk_temple_overflow_forgotten, trog_ov_bears_minmay,
          grunt_ministairs_9, uniq_grinder
D:7:      layout_basic, gup_ossuary_entry_pyramid
D:8:      layout_loops_ring, nemelex_spade_bored_becter, serial_shops,
          kennysheep_little_box
D:9:      layout_basic, mainiacjoe_overflow_concentric_impassable, orc_0_dummy,
          chequers_serial_rivers_small_a
D:10:     layout_long_grid, dpeg_lair_monsters, lightli_minifort
D:11:     layout_basic
D:12:     layout_small_grid, serial_shops, nicolae_shop_crystal, uniq_josephine
D:13:     layout_cross, uniq_frances
Temple:   zaba_magenta_temple
Lair:1:   layout_layer_cave, infiniplex_staircase_pool_2
Lair:2:   layout_layer_cave, swamp_mist, dummy_snake_entry,
          gauntlet_entry_generic, serial_bayou_pond_e, serial_bayou_lagoon_a,
          small_statue_intersection, chequers_serial_rivers_micro_e
Orc:1:    layout_caves, basic_altar
Orc:2:    grunt_orc_cross, layout_caves, serial_shops,
          nicolae_shop_hallway_plus, nicolae_shop_behind_doors,
          nicolae_shop_overgrown_old_shop, basic_altar, uniq_urug

Skill      XL: |  1  2  3  4  5  6  7  8  9 10 11 12 13 |
---------------+----------------------------------------+-----
Stealth        | 2 3 4 5 6 8 10 | 10.0
Dodging        | 3 4 5 6 7 9 10 12 13 14 | 14.7
Spellcasting   | 1 2 3 4 5 |  5.7
Ranged Weapons | 5 6 7 8 10 11 13 14 16 | 16.2
Invocations    | 2 4 6 7 |  7.0
Fighting       | 2 4 5 7 8 |  8.2
Evocations     | 2 5 |  5.0

Action                   |  1- 3 |  4- 6 |  7- 9 | 10-12 | 13-15 || total
-------------------------+-------+-------+-------+-------+-------++-------
 Fire: Shortbow          |    81 |   152 |   382 |   775 |   311 ||  1701
       Arbalest          |       |       |       |       |   133 ||   133
Invok: Heroism           |       |       |     1 |     8 |     5 ||    14
       Finesse           |       |       |       |     1 |     2 ||     3
  Use: Potion            |       |     2 |     2 |     3 |     3 ||    10
       Scroll            |       |       |    12 |    12 |     3 ||    27
Armor: Robe              |       |     4 |     6 |     3 |     9 ||    22
       Troll leather arm |       |       |       |       |     6 ||     6
Dodge: Dodged            |     7 |    61 |   103 |   155 |   381 ||   707

Table legend: (Time is in decaauts)
 A = Elapsed time spent in this place.
 B = Non-inter-level travel time spent in this place.
 C = Inter-level travel time spent in this place.
 D = Time resting spent in this place.
 E = Time spent auto-exploring this place.
 F = Levels seen in this place.
 G = Mean time per level.
                   A        B        C        D        E       F      G
               +--------+--------+--------+--------+--------+-----+--------+
         Total |  11717 |  11075 |    642 |   1571 |   5608 |  21 |  558.0 |
       Dungeon |   7562 |   7105 |    457 |    834 |   4124 |  13 |  581.7 |
        Temple |     45 |     35 |     10 |      0 |     30 |   1 |   45.0 |
          Lair |   2007 |   1892 |    115 |    338 |   1050 |   2 | 1003.5 |
  Orcish Mines |    990 |    932 |     58 |    126 |    271 |   2 |  495.0 |
         Sewer |    478 |    478 |      0 |     73 |     78 |   1 |  478.0 |
       Ossuary |    150 |    150 |      0 |      0 |     54 |   1 |  150.0 |
      Gauntlet |    483 |    483 |      0 |    199 |      0 |   1 |  483.0 |
               +--------+--------+--------+--------+--------+-----+--------+

Top non-repeatable levels by time:
  Lair:1: 1189 daAuts
    D:10: 1004 daAuts
   Orc:1: 891 daAuts
  Lair:2: 817 daAuts
    D:12: 803 daAuts
    D:11: 801 daAuts
     D:8: 678 daAuts
     D:5: 661 daAuts
     D:3: 575 daAuts
     D:9: 557 daAuts
     D:4: 534 daAuts
Gauntlet: 483 daAuts
   Sewer: 478 daAuts
     D:2: 468 daAuts
     D:7: 466 daAuts
